 Dungeon Crawl Stone Soup version 0.17-a0-2073-gde5cdba (webtiles) character file.

14502 derrpe the Grappler (level 11, -6/109 HPs)
             Began as a Troll Monk on Oct 16, 2015.
             Was a Priest of Qazlal.
             Mangled by a white ugly thing (13 damage)
             ... on level 11 of the Dungeon.
             The game lasted 00:27:59 (12688 turns).

derrpe the Grappler (Troll Monk)                   Turns: 12688, Time: 00:27:59

Health: -6/109     AC:  9    Str: 24    XL:     11   Next: 89%
Magic:  10/16      EV: 11    Int:  7    God:    Qazlal [***...]
Gold:   543        SH:  4    Dex:  6    Spells: 4 memorised, 1 level left

rFire  . . .     SeeInvis .       - Unarmed
rCold  + . .     Clarity  .     a - +0 robe
rNeg   + . .     SustAt   +     (no shield)
rPois  +         Gourm    +     (helmet restricted)
rElec  .         Spirit   .     f - +3 cloak "Ytaosk" {rC+ Str+3 Dex-4}
rCorr  .         Warding  +     (gloves unavailable)
rMut   .         Stasis   .     (boots unavailable)
MR     .....                    h - amulet of warding
Stlth  +.........               X - ring of poison resistance
                                D - ring of sustain attributes

@: not resistant to hostile enchantments, very unstealthy
A: unfitting armour, claws 3, clumsy 1, dopey 1, fast metabolism 3, gourmand,
regeneration 2, shaggy fur 1, tough skin 2
a: Upheaval, Elemental Force, Renounce Religion


You were on level 11 of the Dungeon.
You worshipped Qazlal.
Qazlal was most pleased with you.
You were very full.

You visited 1 branch of the dungeon, and saw 11 of its levels.
You also visited: Labyrinth.

You collected 543 gold pieces.

Inventory:

Hand Weapons
 P - a +0 blowgun
Missiles
 d - 142 stones (quivered)
 g - 4 large rocks
 l - 10 curare-tipped needles
 J - 6 exploding tomahawks
 M - 12 tomahawks
 O - 2 throwing nets {=f}
 T - 8 poisoned needles
 U - 6 javelins
Armour
 a - a +0 robe (worn)
 f - the +3 cloak "Ytaosk" (worn) {rC+ Str+3 Dex-4}
   (You found it in a labyrinth)

   It affects your strength (+3).
   It affects your dexterity (-4).
   It protects you from cold.
Jewellery
 h - an amulet of warding (around neck)
 o - an uncursed ring of protection from fire
 D - a ring of sustain attributes (left claw)
 L - an uncursed ring of see invisible
 R - an uncursed ring of flight
 X - a ring of poison resistance (right claw)
Wands
 q - a wand of random effects (30)
 y - a wand of disintegration (20)
 A - a wand of disintegration (7)
 B - a wand of fire (11)
 E - a wand of flame (10)
 N - a wand of polymorph (17)
 S - a wand of teleportation (9)
Scrolls
 c - 6 scrolls of identify
 e - a scroll of blinking {unknown}
 i - 5 scrolls of teleportation
 r - 3 scrolls of fear {unknown}
 u - a scroll of amnesia {unknown}
 w - a scroll of silence {unknown}
 x - 4 scrolls of remove curse
 C - 2 scrolls of random uselessness {unknown}
 G - a scroll of enchant weapon {unknown}
 K - 3 scrolls of immolation {unknown}
Potions
 j - a potion of magic
 p - 5 potions of curing
 v - a potion of haste
 z - a potion of resistance
 F - a potion of berserk rage
 H - 2 potions of agility
 I - 3 potions of cure mutation
 Q - a potion of brilliance
Books
 V - a book of Annihilations

   Spells                             Type                      Level
   a - Poison Arrow                   Conjuration/Poison           6
   b - Chain Lightning                Conjuration/Air              8
   c - Lehudib's Crystal Spear        Conjuration/Earth            8
   d - Glaciate                       Conjuration/Ice              9
   e - Fire Storm                     Conjuration/Fire             9
 W - Sif Muna's Guide on Bewitchment
   (You found it in a labyrinth)

   Spells                             Type                      Level
   a - Corona                         Hexes                        1
   b - Confusing Touch                Hexes                        2
   c - Inner Flame                    Hexes/Fire                   3
   d - Spectral Weapon                Hexes/Charms                 3
   e - Leda's Liquefaction            Hexes/Earth                  4
   f - Metabolic Englaciation         Hexes/Ice                    5
Miscellaneous
 m - a phial of floods (inert)
Comestibles
 b - 14 bread rations {@e1}
 k - a slice of pizza
 n - 2 royal jellies
 s - 5 meat rations {@e2}
 t - 7 fruits


   Skills:
 + Level 7.4 Fighting
 - Level 3.7 Throwing
 + Level 7.1 Dodging
 - Level 1.1 Stealth
 * Level 12.1 Unarmed Combat
 * Level 8.8 Invocations


You had one spell level left.
You knew the following spells:

 Your Spells              Type           Power        Failure   Level  Hunger
a - Swiftness             Chrm/Air       #.......     73%         2    ###....
b - Apportation           Tloc           #.........   47%         1    ##.....
c - Phase Shift           Tloc           #.........   100%        5    ######.
A - Animate Skeleton      Necr           N/A          47%         1    ##.....


Dungeon Overview and Level Annotations

Branches:
Dungeon (11/15)            Temple (0/1) D:6            Lair (0/8) D:11
    Orc: D:9-12

Altars:
Ashenzari
Fedhas
Makhleb
Nemelex Xobeh
Qazlal
Sif Muna
Xom
Zin
The Shining One


Innate Abilities, Weirdness & Mutations

You are too large for most types of armour.
You have claws for hands.
Your metabolism is lightning-fast.
You like to eat raw meat.
You heal very quickly.
You are covered in fur (AC +1).
You have very tough skin (AC +2).
You are clumsy. (Dex -2)
You are dopey. (Int -2)


Message History

You are too injured to fight recklessly!
You are too injured to fight recklessly!
There is an open door, spattered with blood here.
You see here 2 arrows.
The white ugly thing is engulfed in freezing vapours.
The white ugly thing headbutts you.
* * * LOW HITPOINT WARNING * * *
The white ugly thing freezes you! You resist.
* * * LOW HITPOINT WARNING * * *
Evoke which item? (* to show all) (? for menu, Esc to quit)
Zapping:
B - a wand of fire (will waste charges)
Press: ? - help, Shift-Dir - straight line, f - white ugly thing
Aim: a white ugly thing The bolt of fire hits the white ugly thing.
The white ugly thing is moderately wounded.
Evoking this partially-identified wand wasted a few charges.
The white ugly thing headbutts you!
* * * LOW HITPOINT WARNING * * *
The white ugly thing freezes you! You resist.
You die...

'§..#.....# #....#.....#
#)###.##.######.######.########
..###.##.#.§..#.######.#..#...##
.......'..)....................#
.......#.......................#
..##..###..####.######..###...###
..##..###..####'######'####...#..
..'.......................((.....
..#............§@u§..............
#.###..##..####.####.##.####(####
#.###..##..####<####.##'####..##*
#...'...#..................#.(†#.
'...#...+..................'..()>
#############.####.#..#...##....(
#############.####'###########...
§.'...#.............# #._.
..#...#.............# #..(


You could see a white ugly thing.

Vanquished Creatures
  A minotaur (Lab)
  Sonja (D:11)
  3 hill giants
  An ugly thing (D:10)
  2 trolls (D:11)
  A merfolk (D:9)
  A queen bee (D:11)
  A two-headed ogre (D:8)
  A wyvern (D:11)
  A wraith (D:11)
  5 hungry ghosts
  A mottled dragon (D:11)
  19 yaks
  Menkaure (D:6)
  A steam dragon (D:7)
  A water moccasin (D:6)
  5 sky beasts
  A black bear (D:4)
  3 orc warriors
  2 phantoms
  5 ice beasts
  3 centaurs
  A necrophage (D:8)
  5 ogres
  7 giant frogs
  2 big kobolds
  2 scorpions
  23 killer bees
  2 giant frog zombies
  3 orc priests
  6 orc wizards
  A centaur zombie (D:9)
  6 crimson imps
  5 jellies
  Ijyb (D:3)
  10 hounds
  2 iguanas
  A quasit (D:7)
  9 worker ants
  A hound zombie (D:8)
  2 hound skeletons
  3 worker ant zombies
  7 gnolls
  13 adders
  6 shadow imps
  An ooze (D:4)
  2 adder zombies
  3 worms
  3 giant geckos
  15 orcs
  2 giant cockroaches
  5 goblins
  9 hobgoblins
  7 quokkas
  2 ball pythons
  7 bats
  2 giant newts
  11 jackals
  16 kobolds
  8 rats
  2 fungi (D:2)
  5 plants (D:11)
278 creatures vanquished.

Vanquished Creatures (collateral kills)
  A hydra (D:11)
  A hill giant (D:10)
2 creatures vanquished.

Vanquished Creatures (others)
  11 plants (D:11)
11 creatures vanquished.

Grand Total: 291 creatures vanquished

Notes
Turn   | Place    | Note
--------------------------------------------------------------
     0 | D:1      | derrpe the Troll Monk began the quest for the Orb.
     0 | D:1      | Reached XP level 1. HP: 22/22 MP: 0/0
   255 | D:1      | Reached XP level 2. HP: 29/29 MP: 1/1
   999 | D:2      | Reached XP level 3. HP: 21/36 MP: 2/2
  1425 | D:2      | Found a blossoming altar of Fedhas.
  1534 | D:2      | Reached skill level 1 in Throwing
  1823 | D:2      | Reached XP level 4. HP: 44/44 MP: 3/3
  2088 | D:3      | Found a shattered altar of Ashenzari.
  2306 | D:3      | Noticed Ijyb
  2312 | D:3      | Killed Ijyb
  2312 | D:3      | Reached skill level 5 in Unarmed Combat
  2510 | D:3      | Reached XP level 5. HP: 43/53 MP: 4/4
  3167 | D:4      | Noticed a phantom
  3201 | D:4      | Killed a phantom
  3201 | D:4      | Reached XP level 6. HP: 54/61 MP: 5/5
  3339 | D:4      | Noticed a centaur
  3434 | D:4      | Killed a centaur
  3434 | D:4      | Reached skill level 6 in Unarmed Combat
  3539 | D:4      | Found a burning altar of Makhleb.
  3606 | D:4      | Noticed a blizzard demon
  3611 | D:4      | Found a glowing silver altar of Zin.
  3611 | D:4      | Noticed an angel
  3704 | D:4      | Reached XP level 7. HP: 66/68 MP: 6/6
  3850 | D:4      | Noticed a black bear
  3858 | D:4      | Killed a black bear
  3940 | D:5      | Entered Level 5 of the Dungeon
  4120 | D:5      | Reached skill level 7 in Unarmed Combat
  4357 | D:5      | Reached XP level 8. HP: 76/78 MP: 7/7
  5008 | D:5      | Found a glowing golden altar of the Shining One.
  5009 | D:5      | Found a shimmering altar of Xom.
  5185 | D:6      | Found a stormy altar of Qazlal.
  5193 | D:6      | Became a worshipper of Qazlal Stormbringer
  5193 | D:6      | Reached * piety under Qazlal
  5193 | D:6      | Reached ** piety under Qazlal
  5626 | D:6      | Found a staircase to the Ecumenical Temple.
  5652 | D:6      | Reached skill level 8 in Unarmed Combat
  5652 | D:6      | Reached skill level 1 in Invocations
  6098 | D:6      | Noticed Menkaure
  6106 | D:6      | Killed Menkaure
  6364 | D:6      | Reached skill level 5 in Fighting
  6364 | D:6      | Reached XP level 9. HP: 84/88 MP: 9/9
  7053 | D:7      | Learned a level 1 spell: Animate Skeleton
  7055 | D:7      | Learned a level 1 spell: Apportation
  7125 | D:7      | Reached skill level 5 in Dodging
  7529 | D:7      | Reached skill level 9 in Unarmed Combat
  8360 | D:8      | Reached *** piety under Qazlal
  8574 | D:8      | Reached skill level 5 in Invocations
  8770 | D:8      | Reached XP level 10. HP: 89/98 MP: 11/13
  8828 | D:8      | Reached skill level 10 in Unarmed Combat
  9602 | D:9      | Reached **** piety under Qazlal
  9949 | D:9      | Found a sparkling altar of Nemelex Xobeh.
 10284 | D:10     | Entered Level 10 of the Dungeon
 10570 | D:10     | Noticed a hill giant
 10578 | D:10     | Killed a hill giant
 10955 | D:11     | Noticed a hill giant
 10964 | D:11     | Killed a hill giant
 10964 | D:11     | Reached skill level 11 in Unarmed Combat
 10969 | D:11     | Noticed a hill giant
 10974 | D:11     | Reached XP level 11. HP: 48/107 MP: 11/15
 11262 | D:11     | Found a labyrinth entrance.
 11269 | Lab      | Entered a labyrinth
 11656 | Lab      | Noticed a minotaur
 11669 | Lab      | Killed a minotaur
 11679 | Lab      | Identified the Disquisition on Confrontation
 11679 | Lab      | Identified Sif Muna's Guide on Bewitchment
 11685 | Lab      | Gained mutation: You are clumsy. (Dex -2) [potion of mutation]
 11685 | Lab      | Gained mutation: You are dopey. (Int -2) [potion of mutation]
 11687 | Lab      | Got an ichor-stained cloak
 11699 | Lab      | Identified the +3 cloak "Ytaosk" {rC+ Str+3 Dex-4} (You found it in a labyrinth)
 11922 | D:11     | Noticed a brown ugly thing
 11944 | D:10     | Killed a brown ugly thing
 11989 | D:10     | Killed a hill giant
 12014 | D:11     | Noticed a four-headed hydra
 12018 | D:11     | Killed a four-headed hydra
 12079 | D:11     | Learned a level 2 spell: Swiftness
 12085 | D:11     | Learned a level 5 spell: Phase Shift
 12167 | D:11     | Noticed Sonja
 12174 | D:11     | Killed Sonja
 12241 | D:11     | Found a deep blue altar of Sif Muna.
 12265 | D:11     | Reached skill level 12 in Unarmed Combat
 12476 | D:11     | Found a staircase to the Lair.
 12492 | D:11     | Noticed a hill giant
 12498 | D:11     | Killed a hill giant
 12657 | D:11     | Found a glowing silver altar of Zin.
 12660 | D:11     | Noticed a white ugly thing
 12688 | D:11     | Mangled by a white ugly thing

Vault maps used:
D:1:      dpeg_arrival_stone_temple_mockup
D:2:      fedhas_altar_3, minmay_misc_feat_ornament
D:3:      ashenzari_altar_1, uniq_iyjb
D:4:      black_bear_nest_1, grunt_temple_overflow_order_and_chaos_2,
          grunt_ministairs_9
D:5:      gammafunk_temple_overflow_pools, first_bread
D:6:      temple_statues, grunt_qazlal_clouds, uniq_menkaure
D:9:      kennysheep_mini, hangedman_fish_farm, bh_walls_and_bars
D:10:     minivault_1, corexii_checkpoint_a
D:11:     lair_0_dummy, enter_trove_2, lab_entry_generic, hex_tiny,
          minmay_misc_feat_columns, hangedman_feature_mirror,
          nicolae_looking_at_the_future, uniq_sonja
Lab:      labyrinth_watery, labyrinth_skeletal_remains, nicolae_lab_t_cross,
          nicolae_lab_grate

Action                   |  1- 3 |  4- 6 |  7- 9 | 10-12 || total
-------------------------+-------+-------+-------+-------++-------
Melee: Unarmed           |    83 |   131 |   357 |   288 ||   859
Throw: Stone             |    93 |    91 |   147 |   144 ||   475
       Tomahawk          |       |       |    65 |    15 ||    80
       Large rock        |       |       |     8 |     2 ||    10
       Throwing net      |       |       |       |     5 ||     5
 Cast: Animate Skeleton  |       |       |     1 |       ||     1
Invok: Upheaval          |       |       |       |     7 ||     7
       Elemental Force   |       |       |       |     1 ||     1
Evoke: Wand              |       |       |       |     6 ||     6
       Phial of floods   |       |       |       |     1 ||     1
  Use: Scroll            |       |     1 |     5 |     6 ||    12
       Potion            |       |       |     8 |     4 ||    12
  Eat: Chunk             |    17 |    20 |    46 |    38 ||   121
       Fruit             |       |       |       |     3 ||     3
       Pizza             |       |       |       |     2 ||     2
       Royal jelly       |       |       |       |     1 ||     1
       Beef jerky        |       |       |       |     1 ||     1
